 Dungeon Crawl Stone Soup version 0.21.1-1-g345015fe64 (console) character file.

14314 Kloppie the Grappler (level 11, -5/113 HPs)
             Began as a Troll Fighter on May 4, 2018.
             Was a High Priest of Makhleb.
             Slain by an ice dragon (9 damage)
             ... on level 2 of the Lair of Beasts.
             The game lasted 00:19:48 (9855 turns).

Kloppie the Grappler (Troll Fighter)                Turns: 9855, Time: 00:19:49

Health: -5/113     AC: 10    Str: 32    XL:     11   Next: 87%
Magic:  13/13      EV: 12    Int:  4    God:    Makhleb [*****.]
Gold:   644        SH: 12    Dex: 12    Spells: 10/10 levels left

rFire    . . .     SeeInvis .     - Unarmed
rCold    . . .     Gourm    +   b - +0 shield
rNeg     . . .     Faith    .   A - +0 troll leather armour
rPois    .         Spirit   .   (helmet restricted)
rElec    .         Reflect  .   l - +2 cloak
rCorr    +         Harm     .   (gloves unavailable)
MR       .....                  (boots unavailable)
Stlth    +.........             D - amulet of regeneration
HPRegen  1.48/turn              k - ring of resist corrosion
MPRegen  0.13/turn              z - +6 ring of strength

@: very slightly contaminated, drained, invisible
A: large, unfitting armour, claws 3, fast metabolism 3, gourmand, regeneration
1, shaggy fur 1, tough skin 2
a: Minor Destruction, Lesser Servant of Makhleb, Major Destruction, Greater
Servant of Makhleb, Renounce Religion


You were on level 2 of the Lair of Beasts.
You worshipped Makhleb.
Makhleb was extremely pleased with you.
You were completely stuffed.

You visited 3 branches of the dungeon, and saw 13 of its levels.
You also visited: Labyrinth.

You collected 804 gold pieces.
You spent 160 gold pieces at shops.

Inventory:

Armour
 b - a +0 shield (worn)
 h - a +2 robe of fire resistance
 l - a +2 cloak (worn)
 A - a +0 troll leather armour (worn)
 G - a +2 robe of cold resistance
Jewellery
 k - a ring of resist corrosion (left claw)
 z - a +6 ring of strength (right claw)
 D - an amulet of regeneration (around neck)
 F - the amulet "Viedo" {RegenMP *Drain Int+4 Stlth+}
   (You found it in a labyrinth)

   [amulet of magic regeneration]

   It increases your magic regeneration.
   It affects your intelligence (+4).
   It causes draining when unequipped.
   It makes you more stealthy.
Wands
 c - a wand of acid (2)
 r - a wand of paralysis (23)
 E - a wand of iceblast (11)
 H - a wand of disintegration (12)
Scrolls
 e - 3 scrolls of enchant weapon
 f - 5 scrolls of fog
 i - 7 scrolls of teleportation
 m - a scroll of silence
 n - 7 scrolls of remove curse
 t - a scroll of enchant armour
 x - 5 scrolls of identify
Potions
 o - 2 potions of heal wounds
 p - 5 potions of brilliance
 q - a potion of agility
 w - a potion of resistance
 B - a potion of haste
Comestibles
 d - 37 rations
 g - 8 chunks of flesh


   Skills:
 - Level 8.5(7.8) Fighting
 + Level 6.4(5.7) Dodging
 - Level 9.0(8.3) Shields
 - Level 10.2(9.5) Unarmed Combat
 - Level 5.0(4.4) Invocations


You had 10 spell levels left.
You didn't know any spells.

Dungeon Overview and Level Annotations

Branches:
Dungeon (10/15)            Temple (1/1) D:5            Lair (2/6) D:10
    Orc (0/2) D:10
  Swamp: Lair:2-4    Shoals: Lair:2-4     Snake: Lair:2-4    Spider: Lair:2-4

Altars:
Ashenzari
Cheibriados
Dithmenos
Elyvilon
Fedhas
Gozag
Hepliaklqana
Kikubaaqudgha
Makhleb
Nemelex Xobeh
Okawaru
Qazlal
Ru
Sif Muna
Trog
Uskayaw
Vehumet
Wu Jian
Xom
Yredelemnul
Zin
The Shining One

Shops:
D:4 *   D:5 *   D:6 =

Annotations:
Lair:2 exclusion: ice statue


Innate Abilities, Weirdness & Mutations

You are too large for most types of armour.
You have claws for hands.
Your metabolism is lightning-fast.
You like to eat raw meat.
Your natural rate of healing is unusually fast.
You are covered in fur. (AC +1)
You have very tough skin. (AC +2)


Message History

You scratch the ice beast.
The ice beast is lightly wounded.
You block the ice beast's attack.
An ice beast comes into view.
You catch the helpless ice beast completely off-guard!
You claw the ice beast!
The ice beast is heavily wounded.
The ice dragon breathes frost at you. The blast of cold hits you!
* * * LOW HITPOINT WARNING * * *
You block the ice beast's attack. The polar bear closely misses you.
You block the polar bear's attack. x2
You catch the helpless ice beast completely off-guard!
You eviscerate the ice beast!!!
You kill the ice beast!
Makhleb accepts your kill.
You feel better. You block the ice dragon's attack. The ice dragon claws you!
* * * LOW HITPOINT WARNING * * *
The ice dragon tramples you!
You die...

≈≈≈≈≈≈≈.≈..##..#
%%≈≈≈≈≈≈...##.##
8!≈≈≈≈≈....#P.##
≈≈≈≈?)($≈≈≈≈≈≈.......#
≈≈≈≈≈≈≈≈≈≈≈≈≈≈≈..#####
≈≈≈≈≈≈≈≈≈≈≈≈.≈....#
.≈≈≈≈≈≈≈≈≈Y...≈..##
≈≈≈≈≈≈≈≈≈≈≈≈.≈≈≈.#
.≈≈≈≈..≈≈≈≈.≈≈≈h@#
...........≈≈≈≈D.#
≈$.........≈≈≈.⌠.#
##...............#
##.###..#..###### #
#######


You could see an ice dragon, a polar bear and an ice beast (wandering).

Vanquished Creatures
  A minotaur (Lab)
  Pikel (D:6)
  The ghost of Mrkan the Geomancer, a novice GrEE of Hepliaklqana (D:7)
  The ghost of error the Summoner, a novice OpSu (D:8)
  A black mamba (Lair:1)
  Maurice (D:8)
  The ghost of Tali the Chopper, a novice DsBe of Trog (D:5)
  2 spiny frogs (Lair:1)
  2 centaur skeletons (D:10)
  A komodo dragon (Lair:1)
  A polar bear (Lair:2)
  A troll (D:9)
  A hornet (D:9)
  Prince Ribbit (D:6)
  3 hippogriffs (D:8)
  7 yaks
  A human (D:9)
  A wyvern (D:10)
  4 hogs (D:9)
  A basilisk (Lair:1)
  Edmund (D:4)
  Duvessa (D:7)
  A swamp drake (D:10)
  A hornet zombie (D:9)
  5 orc warriors
  3 porcupines (Lair:1)
  6 ice beasts
  3 phantoms
  A black bear (D:8)
  12 wolves
  5 ogres
  A necrophage (D:8)
  2 crocodiles
  4 centaurs
  A big kobold (D:10)
  6 bullfrogs
  Dowan (D:7)
  3 scorpions
  5 killer bees (D:10)
  10 wights
  4 howler monkeys
  5 crimson imps
  2 bullfrog zombies
  2 hounds
  2 bullfrog skeletons
  7 orc priests
  Crazy Yiuf (D:2)
  8 orc wizards
  10 worker ants
  3 iguanas
  14 adders
  3 gnolls (D:8)
  4 shadow imps
  A white imp (Lair:2)
  3 oozes
  An adder zombie (D:6)
  An adder skeleton (D:9)
  A dart slug (D:1)
  2 leopard geckos
  37 orcs
  3 giant cockroaches
  9 goblins
  9 hobgoblins
  13 jackals
  8 kobolds
  3 quokkas
  A ball python (D:4)
  6 bats
  4 frilled lizards
  2 leopard gecko skeletons
  A quokka skeleton (D:7)
  A quokka zombie (D:7)
  8 rats
284 creatures vanquished.

Notes
Turn   | Place    | Note
-------+----------+-------------------------------------------
     0 | D:1      | Kloppie the Troll Fighter began the quest for the Orb.
     0 | D:1      | Reached XP level 1. HP: 22/22 MP: 0/0
    46 | D:1      | Reached XP level 2. HP: 23/29 MP: 1/1
   255 | D:1      | Reached XP level 3. HP: 33/37 MP: 2/2
   569 | D:2      | Reached skill level 3 in Unarmed Combat
   595 | D:2      | Found a stormy altar of Qazlal.
   730 | D:2      | Reached XP level 4. HP: 45/45 MP: 3/3
  1252 | D:2      | Found a runed door.
  1533 | D:2      | Noticed Crazy Yiuf
  1540 | D:2      | Killed Crazy Yiuf
  1540 | D:2      | Reached XP level 5. HP: 40/54 MP: 4/4
  1696 | D:3      | Reached skill level 4 in Unarmed Combat
  1739 | D:3      | Found an ornate altar of the Wu Jian Council.
  1750 | D:3      | Found a white marble altar of Elyvilon.
  2619 | D:4      | Reached XP level 6. HP: 40/63 MP: 5/5
  2793 | D:4      | Found Vaevuk's Assorted Antiques.
  2802 | D:4      | Bought a silver wand for 76 gold pieces
  2807 | D:4      | Noticed Edmund
  2816 | D:4      | Killed Edmund
  2816 | D:4      | Reached skill level 5 in Unarmed Combat
  3419 | D:5      | Entered Level 5 of the Dungeon
  3458 | D:5      | Reached skill level 5 in Fighting
  3458 | D:5      | Reached XP level 7. HP: 72/72 MP: 6/6
  3497 | D:5      | Found a shadowy altar of Dithmenos.
  3502 | D:5      | Found a staircase to the Ecumenical Temple.
  3504 | D:5      | Noticed Tali's ghost (novice DsBe)
  3520 | D:5      | HP: 3/72 [Tali's ghost (5)]
  3526 | D:5      | Killed Tali's ghost
  3526 | D:5      | Reached skill level 6 in Unarmed Combat
  3566 | Temple   | Entered the Ecumenical Temple
  3853 | Temple   | Became a worshipper of Makhleb the Destroyer
  3969 | D:5      | Found Pugufeil's General Store.
  4617 | D:6      | Reached XP level 8. HP: 76/83 MP: 7/7
  4715 | D:6      | Reached skill level 7 in Unarmed Combat
  4742 | D:6      | Found Icuirak's Jewellery Shoppe.
  4794 | D:6      | Bought a cursed ring of loudness for 58 gold pieces
  4794 | D:6      | Bought a cursed -3 ring of strength for 26 gold pieces
  4983 | D:6      | Noticed Prince Ribbit
  5170 | D:6      | Killed Prince Ribbit
  5306 | D:7      | Noticed Pikel
  5361 | D:7      | Reached * piety under Makhleb
  5428 | D:7      | Noticed Duvessa
  5440 | D:7      | Noticed Dowan
  5444 | D:7      | Killed Duvessa
  5461 | D:7      | Killed Dowan
  5494 | D:7      | Reached XP level 9. HP: 93/93 MP: 8/8
  5679 | D:6      | Killed Pikel
  5679 | D:6      | Reached skill level 5 in Shields
  5819 | D:7      | Noticed Mrkan's ghost (novice GrEE)
  5834 | D:7      | Killed Mrkan's ghost
  6040 | D:8      | Reached skill level 1 in Invocations
  6164 | D:8      | Noticed Maurice
  6261 | D:8      | Reached ** piety under Makhleb
  6280 | D:8      | Reached XP level 10. HP: 92/106 MP: 9/11
  6283 | D:8      | Noticed error's ghost (novice OpSu)
  6294 | D:8      | Killed error's ghost
  6733 | D:8      | Killed Maurice
  6733 | D:8      | Reached skill level 5 in Invocations
  7186 | D:9      | Reached *** piety under Makhleb
  7289 | D:9      | Found a deep blue altar of Sif Muna.
  7289 | D:9      | Found a hide-covered altar of Uskayaw.
  7290 | D:9      | Found a glowing golden altar of the Shining One.
  7291 | D:9      | Found a sparkling altar of Nemelex Xobeh.
  7291 | D:9      | Found a basalt altar of Yredelemnul.
  7507 | D:9      | Reached skill level 8 in Unarmed Combat
  7630 | D:10     | Entered Level 10 of the Dungeon
  7651 | D:10     | Reached XP level 11. HP: 79/113 MP: 13/13
  7953 | D:10     | Reached skill level 9 in Unarmed Combat
  8062 | D:10     | Reached **** piety under Makhleb
  8254 | D:10     | Found a staircase to the Lair.
  8449 | D:10     | Found a staircase to the Orcish Mines.
  8691 | Lair:1   | Entered Level 1 of the Lair of Beasts
  8702 | Lair:1   | Reached skill level 10 in Unarmed Combat
  9007 | Lair:1   | Found a labyrinth entrance.
  9021 | Lair:1   | Reached ***** piety under Makhleb
  9040 | Lab      | Entered a labyrinth
  9125 | Lab      | Noticed a minotaur
  9130 | Lab      | Killed a minotaur
  9130 | Lab      | Reached skill level 5 in Dodging
  9132 | Lab      | Identified the Almanac of Envenoming
  9133 | Lab      | Got a slimy crystal amulet
  9136 | Lab      | Identified the amulet "Viedo" {RegenMP *Drain Int+4 Stlth+} (You found it in a labyrinth)
  9828 | Lair:2   | Noticed an ice dragon
  9854 | Lair:2   | HP: 2/113 [ice dragon/blast of cold (46)]
  9855 | Lair:2   | Slain by an ice dragon

Skill      XL: |  1  2  3  4  5  6  7  8  9 10 11 |
---------------+----------------------------------+-----
Fighting       | 3 4 5 6 7 8 |  8.5
Unarmed Combat | 3 4 5 6 7 8 10 | 10.2
Shields        | 4 6 8 9 |  9.0
Invocations    | 2 5 |  5.0
Dodging        | 6 |  6.4

Action                   |  1- 3 |  4- 6 |  7- 9 | 10-12 || total
-------------------------+-------+-------+-------+-------++-------
Melee: Unarmed           |    89 |   110 |   322 |   496 ||  1017
       Punch             |     1 |     3 |     2 |       ||     6
Evoke: Wand              |       |     1 |       |     4 ||     5
  Use: Scroll            |       |    11 |     9 |     6 ||    26
       Potion            |       |       |     5 |     4 ||     9
 Stab: Sleeping          |       |     1 |     1 |       ||     2
       Paralysed         |       |     6 |       |     4 ||    10
       Invisible         |       |       |       |     4 ||     4
  Eat: Chunk             |    12 |    21 |    30 |    33 ||    96
Armor: Robe              |    28 |    35 |    95 |    36 ||   194
       Skin              |       |       |     3 |       ||     3
       Troll leather arm |       |       |       |   107 ||   107
Dodge: Dodged            |    43 |    45 |   106 |   233 ||   427
Block: Shield            |       |       |    60 |   311 ||   371
